 Dungeon Crawl Stone Soup version 0.31-a0-1467-g53b6572822 (webtiles) character file.

Game seed: 7355497202472828639

1248 senseless the Trooper (level 8, -1/87 HPs)
             Began as an Oni Gladiator on Dec 28, 2023.
             Succumbed to a gnoll sergeant's poison
             ... on level 5 of the Dungeon.
             The game lasted 00:07:35 (4467 turns).

senseless the Trooper (Oni Gladiator)               Turns: 4467, Time: 00:07:36

Health: -1/87      AC:  5    Str: 19    XL:     8   Next: 50%
Magic:  8/8        EV: 26    Int:  9    God:
Gold:   19         SH:  0    Dex: 12    Spells: 7/7 levels left

rFire   + . .        i - +0 giant club
rCold   . . .        (shield currently unavailable)
rNeg    . . .        p - +2 robe {rF+}
rPois   .            c - +0 hat
rElec   .            (no cloak)
rCorr   .            (gloves unavailable)
SInv    .            (boots unavailable)
Will    +....        f - amulet of the acrobat
Stlth   +            (no ring)
HPRegen 0.34/turn    (no ring)
MPRegen 0.11/turn

%: acrobat
@: lethally poisoned (-1 -> -12), acrobatic, enlightened, flying, hasted, very
quick
A: large, unfitting armour, horns 1, tough skin 1, double potion healing,
drunken brawling
a: no special abilities


You were on level 5 of the Dungeon.
You visited 1 branch of the dungeon, and saw 4 of its levels.

You collected 115 gold pieces.
You spent 96 gold pieces at shops.

Inventory:

Hand Weapons
 a - a +0 flail
 i - a +0 giant club (weapon)
Missiles
 d - 3 throwing nets
 e - a large rock
 j - a poisoned dart (quivered)
Armour
 b - a +0 robe
 c - a +0 hat (worn)
 k - a +0 kite shield
 p - a +2 robe of fire resistance (worn)
Jewellery
 f - an amulet of the acrobat (around neck)
Wands
 q - a wand of acid (5)
Scrolls
 g - 2 scrolls of immolation
Potions
 m - 2 potions of lignification


   Skills:
 * Level 7.4 Fighting
 * Level 6.1 Maces & Flails
 + Level 4.3 Throwing
 * Level 5.4 Dodging


You had 7 spell levels left.
You didn't know any spells.
Your spell library contained the following spells:

 Spells                   Type           Power      Damage    Failure   Level
 Dazzling Flash           Conj/Hex       0%         N/A       77%         3
 Mephitic Cloud           Conj/Alch/Air  0%         N/A       77%         3
 Curse of Agony           Necr           0%         N/A       100%        5
 Silence                  Hex/Air        0%         N/A       100%        5


Dungeon Overview and Level Annotations

Branches:
Dungeon (5/15)
 Temple: D:4-7

Altars:
Elyvilon
Makhleb

Shops:
D:4 :   D:5 [


Innate Abilities, Weirdness & Mutations

You are too large for most types of armour.
You have a pair of small horns on your head.
You have tough skin. (AC +1)
You gain doubled healing and magic from potions.
Whenever you drink a healing potion, you attack all around you.


Message History

You cannot move.
You cannot move.
You feel sick.
The gnoll sergeant hits you but does no damage.
You are more poisoned.
You feel very sick.
You feel sick.
The gnoll sergeant hits you from afar with a +2 spear of venom.
* * * LOW HITPOINT WARNING * * *
You feel sick.
The gnoll sergeant hits you but does no damage.
You feel sick.
You feel sick.
The gnoll sergeant hits you but does no damage.
You feel sick.
The gnoll sergeant hits you but does no damage.
You feel sick.
You feel sick.
The gnoll sergeant hits you but does no damage.
Throw: 2 darts (poison)
Press: ? - help, Q - select action, (/) - cycle Shift-Dir - straight line, f - gnoll sergeant
Aim: a gnoll sergeant, wielding a +2 spear of venom, wearing a +0 scale mail and wearing a +0 kite shield (moderately wounded, 71% to hit)
You throw a poisoned dart.
The gnoll sergeant blocks the poisoned dart.
You feel less wooden.
Your +0 hat unmelds from your body.
Your +2 robe of fire resistance unmelds from your body.
You feel resistant to fire.
You feel sick.
The gnoll sergeant hits you from afar with a +2 spear of venom!
* * * LOW HITPOINT WARNING * * *
You are lethally poisoned!
You feel very buoyant.
You fly up into the air.
* * * LOW HITPOINT WARNING * * *
You feel very sick.
* * * LOW HITPOINT WARNING * * *
You feel sick.
* * * LOW HITPOINT WARNING * * *
You feel sick.
You die...

#######....## #.# #.#..##.#
#..........## . ###........
#.......##..# .##.....#....
#....#......## .....#......
#....##......########..........
####.#####.....#..g(g...#......
#.# ###.....####g......... #.##
###.........#.###... #..#
##@.....#.......... ##.#
##.^..............## #.#
##....#.......[....## #.#
##...#####..........#
#.####...## ##....)....#
#.##.....# #.#....#####
#.##....## #.##....####
#.##..### #.##.##..... #.....#
#.#..###.##.


You could see a gnoll sergeant and a gnoll.

Vanquished Creatures
  Grinder (D:4)
  Sigmund (D:2)
  A black bear (D:5)
  An ogre (D:4)
  2 scorpions (D:4)
  An orc priest (D:4)
  7 hounds
  3 bombardier beetles
  A jelly (D:4)
  2 iguanas (D:5)
  6 gnolls
  5 adders
  4 worms
  2 dart slugs
  6 orcs
  5 endoplasms
  3 giant cockroaches
  4 hobgoblins
  3 kobolds
  4 quokkas
  5 ball pythons (D:1)
  4 bats (D:2)
  5 frilled lizards
  5 goblins
  4 rats
85 creatures vanquished.

Vanquished Creatures (others)
  A quokka (D:5)
1 creature vanquished.

Grand Total: 86 creatures vanquished

Notes
Turn   | Place    | Note
-------+----------+-------------------------------------------
     0 | D:1      | senseless the Oni Gladiator began the quest for the Orb.
     0 | D:1      | Reached XP level 1. HP: 22/22 MP: 1/1
    78 | D:1      | Found a faded altar of an unknown god.
    99 | D:1      | Reached skill level 3 in Fighting
    99 | D:1      | Reached XP level 2. HP: 31/31 MP: 2/2
   526 | D:2      | Reached XP level 3. HP: 37/37 MP: 3/3
   540 | D:2      | Noticed Sigmund
   552 | D:2      | Killed Sigmund
   553 | D:2      | Reached skill level 4 in Fighting
   553 | D:2      | Reached XP level 4. HP: 22/49 MP: 4/4
   553 | D:2      | Reached XP level 5. HP: 24/55 MP: 5/5
   944 | D:2      | Reached XP level 6. HP: 28/63 MP: 6/6
  1149 | D:2      | You fall into a shaft and drop 2 floors!
  1294 | D:4      | Reached skill level 5 in Fighting
  1737 | D:4      | Reached XP level 7. HP: 54/72 MP: 7/7
  1814 | D:4      | Reached skill level 5 in Maces & Flails
  1881 | D:4      | Reached skill level 6 in Fighting
  1964 | D:4      | Found a burning altar of Makhleb.
  2280 | D:4      | Found Pymos's Book Shoppe.
  2282 | D:4      | Noticed Grinder
  2299 | D:4      | Paralysed by Grinder for 4 turns
  2309 | D:4      | Paralysed by Grinder for 5 turns
  2324 | D:4      | Killed Grinder
  2325 | D:4      | Reached XP level 8. HP: 16/84 MP: 8/8
  2676 | D:4      | Reached skill level 5 in Dodging
  2874 | D:4      | Found Pymos's Book Shoppe.
  3051 | D:4      | Found a burning altar of Makhleb.
  3367 | D:5      | Entered Level 5 of the Dungeon
  3988 | D:5      | Reached skill level 7 in Fighting
  4352 | D:5      | Found Sios's Antique Armour Boutique.
  4359 | D:5      | Bought an embroidered robe for 96 gold pieces
  4370 | D:5      | Found a white marble altar of Elyvilon.
  4465 | D:5      | HP: 4/87 [poisoned by a gnoll sergeant]
  4467 | D:5      | Succumbed to a gnoll sergeant's poison

Illustrated notes

Levels and vault maps discovered:
D:1:      shiori_arrival_oz, layout_basic, hellmonk_ecumenical_altar_blasted,
          grunt_decor_fettered
D:2:      layout_loops_cross, uniq_sigmund
D:4:      layout_loops_ring, lemuel_tele_altar, serial_shops,
          nicolae_shop_temple_entry_statues_fountains, uniq_grinder
D:5:      minmay_skewed_foursquare, layout_rooms, elyvilon_altar_4,
          gammafunk_temple_overflow_wave, serial_shops, nicolae_shop_stone

Skill      XL: |  1  2  3  4  5  6  7  8 |
---------------+-------------------------+-----
Fighting       | 3 4 5 6 7 |  7.4
Dodging        | 3 4 5 |  5.4
Maces & Flails | 4 5 6 |  6.1
Throwing       | 3 4 |  4.3

Action                     |  1- 3 |  4- 6 |  7- 9 || total
---------------------------+-------+-------+-------++-------
  Melee: Flail             |    47 |   103 |       ||   150
         Headbutt          |     9 |    10 |    16 ||    35
         Giant club        |       |       |   124 ||   124
  Throw: Dart              |       |       |     1 ||     1
    Use: Potion            |       |     3 |     6 ||     9
         Scroll            |       |       |     1 ||     1
   Stab: Sleeping          |       |     2 |     1 ||     3
 Armour: Robe              |    21 |    69 |   126 ||   216
         Skin              |       |       |    13 ||    13
  Dodge: Dodged            |    27 |    53 |   114 ||   194
  Block: Kite shield       |       |    32 |       ||    32

Table legend: (Time is in decaauts)
 A = Elapsed time spent in this place.
 B = Non-inter-level travel time spent in this place.
 C = Inter-level travel time spent in this place.
 D = Time resting spent in this place.
 E = Time spent auto-exploring this place.
 F = Levels seen in this place.
 G = Mean time per level.
                   A        B        C        D        E       F      G
               +--------+--------+--------+--------+--------+-----+--------+
         Total |   4546 |   4455 |     91 |    357 |   3325 |   4 | 1136.5 |
       Dungeon |   4546 |   4455 |     91 |    357 |   3325 |   4 | 1136.5 |
               +--------+--------+--------+--------+--------+-----+--------+

Top non-repeatable levels by time:
     D:4: 2640 daAuts
     D:5: 726 daAuts
     D:2: 653 daAuts
     D:1: 526 daAuts
